 Dungeon Crawl Stone Soup version 0.32-a0-12-g7fc57aa741 (webtiles) character file.

Game seed: 17352704969373957091

154 Jannitor the Trooper (level 5, 0/41 HPs)
             Began as a Demonspawn Reaver on Jan 14, 2024.
             Incinerated by a bombardier beetle (4 damage)
             ... with a burning spray
             ... on level 4 of the Dungeon.
             The game lasted 00:04:33 (2941 turns).

Jannitor the Trooper (Demonspawn Reaver)            Turns: 2941, Time: 00:04:34

Health: 0/41       AC:  5    Str: 12    XL:     5   Next: 13%
Magic:  8/8        EV: 12    Int: 13    God:
Gold:   105        SH:  0    Dex: 14    Spells: 7/8 levels left

rFire   . . .        a - +0 mace
rCold   . . .        (no shield)
rNeg    . . .        b - +0 leather armour
rPois   .            d - +0 helmet
rElec   .            f - +0 cloak
rCorr   .            (no gloves)
SInv    .            (no boots)
Will    .....        (no amulet)
Stlth   +            (no ring)
HPRegen 0.26/turn    (no ring)
MPRegen 0.11/turn

%: no passive effects
@: on fire, about to teleport, glowing
A: hooves 1, weakness stinger 1
a: no special abilities


You were on level 4 of the Dungeon.
You visited 1 branch of the dungeon, and saw 4 of its levels.

You collected 105 gold pieces.

Inventory:

Hand Weapons
 a - a +0 mace (weapon)
Armour
 b - a +0 leather armour (worn)
 d - a +0 helmet (worn)
 f - a +0 cloak (worn)
Jewellery
 k - an amulet of the acrobat
Talismans
 j - a flux talisman
Scrolls
 i - a scroll of immolation
 n - a scroll of vulnerability {unknown}
 o - a scroll of amnesia {unknown}
 r - a scroll of enchant armour {unknown}
Potions
 e - a potion of enlightenment
 q - a potion of attraction {unknown}


   Skills:
 + Level 3.1 Fighting
 - Level 2.9 Maces & Flails
 + Level 2.7 Dodging
 * Level 2.4 Unarmed Combat
 - Level 2.0 Spellcasting
 - Level 3.0 Conjurations
 + Level 1.2 Shapeshifting


You had 7 spell levels left.
You knew the following spells:

 Your Spells              Type           Power      Damage    Failure   Level
a - Kiss of Death         Conj/Necr      20%        2d7       17%         1

Your spell library contained the following spells:

 Spells                   Type           Power      Damage    Failure   Level
 Momentum Strike          Conj/Tloc      10%        3d8       26%         2
 Dazzling Flash           Conj/Hex       10%        N/A       45%         3
 Hailstorm                Conj/Ice       5%         3d5       45%         3
 Mephitic Cloud           Conj/Alch/Air  3%         N/A       54%         3
 Curse of Agony           Necr           1%         N/A       100%        5
 Silence                  Hex/Air        0%         N/A       100%        5


Dungeon Overview and Level Annotations

Branches:
Dungeon (4/15)
 Temple: D:4-7

Altars:

Shops:
D:1 :   D:2 [

Portals:
Sewer: D:4

Annotations:
D:3 Ijyb, Terence


Innate Abilities, Weirdness & Mutations

You have large cloven feet.
You have a small tail.


Message History

You are confused.
You feel invigorated. Something hits you but does no damage.
You bump into the rock wall.
You bump into the rock wall.
Something hits you but does no damage.
You barely miss something. Your kick misses something.
Your tail-slap misses something.
Something hits you.
You bump into the rock wall.
You feel yourself slow down. Something hits you but does no damage.
You barely miss something.
Your tail-slap misses something.
Something hits you.
You bump into the rock wall.
You hear the brisk rusting of a drain.
You feel less invigorated.
You feel less confused.
The bombardier beetle sprays incendiary fluid at you.
The burning spray hits you.
You are covered in liquid fire!
Something hits you.
You miss something. The liquid fire burns you!
Something hits you but does no damage.
You closely miss something. Your kick misses something.
The liquid fire burns you! Something hits you but does no damage.
You hit something. Your kick misses something. The liquid fire burns you!
Something hits you but does no damage.
You barely miss something. The liquid fire burns you!
* * * LOW HITPOINT WARNING * * *
Something hits you but does no damage. x2
Unknown command.
As you read the scroll of fear, it crumbles to dust.
You assume a fearsome visage.
The bombardier beetle looks frightened!
The liquid fire burns you!
* * * LOW HITPOINT WARNING * * *
As you read the scroll of teleportation, it crumbles to dust.
You feel strangely unstable. The liquid fire burns you!
You die...

####### #.#.
+......
#~~~~~#....##
#......#
#~~~~~#......
.......#
~~B~~#......
....#.### r~r~
...........#..
#.####B##......
#..........B...
#.........######
#........B.)@..+
#..........#####
#..........#
#..........#
#..........#
##.....###.#
#########.#.#
#<........#
#######.#.#


You could see a bombardier beetle (fleeing).

Vanquished Creatures
  An orc priest (D:4)
  3 adders (D:2)
  A river rat (D:4)
  4 dart slugs
  7 orcs
  6 ball pythons
  8 endoplasms
  5 giant cockroaches
  5 goblins
  7 jackals
  4 quokkas
  7 bats
  3 frilled lizards
  6 kobolds
  4 rats
71 creatures vanquished.

Notes
Turn   | Place    | Note
-------+----------+-------------------------------------------
     0 | D:1      | Jannitor the Demonspawn Reaver began the quest for the Orb.
     0 | D:1      | Reached XP level 1. HP: 16/16 MP: 3/3
   157 | D:1      | Discovered your monstrous ancestry.
   157 | D:1      | Gained mutation: You have a small tail. [demonic ancestry]
   157 | D:1      | Reached XP level 2. HP: 22/22 MP: 5/5
   595 | D:1      | Found Tuoha's Book Emporium.
  1089 | D:2      | Reached skill level 1 in Unarmed Combat
  1122 | D:2      | Reached XP level 3. HP: 18/28 MP: 6/6
  1826 | D:2      | Found Xeapupil's Antique Armour Emporium.
  1831 | D:2      | Reached XP level 4. HP: 34/34 MP: 7/7
  2279 | D:3      | Found a faded altar of an unknown god.
  2361 | D:3      | Noticed Terence
  2602 | D:3      | Noticed Ijyb
  2653 | D:4      | Reached skill level 1 in Shapeshifting
  2677 | D:4      | HP: 1/34 [orc priest/+0 flail (10)]
  2879 | D:4      | Found a glowing drain.
  2898 | D:4      | Gained mutation: You have large cloven feet. [demonic
                  | ancestry]
  2898 | D:4      | Reached XP level 5. HP: 39/41 MP: 8/8
  2941 | D:4      | Incinerated by a bombardier beetle

Illustrated notes

Levels and vault maps discovered:
D:1:      nicolae_arrival_escape_room, layout_loops_ring, serial_shops,
          nicolae_lakefront_shop
D:2:      layout_loops_corners, serial_shops, shop
D:3:      layout_loops_ring, hellmonk_ecumenical_altar_lost_god, uniq_terence,
          uniq_ijyb
D:4:      cheibrodos_greedy_goblins, layout_basic, mainiacjoe_overflow_alcove_1,
          eat_drink_and_be_merry_uskayaw, portal_sewer_entry_c,
          hangedman_decor_diamond_cutter, serial_bayou_pond_d

Skill      XL: |  1  2  3  4 |
---------------+-------------+-----
Dodging        | 2 |  2.7
Unarmed Combat | 1 2 |  2.4
Shapeshifting  | 1 |  1.2
Fighting       | 3 |  3.1
Maces & Flails | |  2.9
Spellcasting   | |  2.0
Conjurations   | |  3.0

Action                     |  1- 3 |  4- 6 || total
---------------------------+-------+-------++-------
  Melee: Mace              |   118 |   138 ||   256
         Punch             |     3 |     2 ||     5
         Tailslap          |    10 |    19 ||    29
         Kick              |       |     5 ||     5
    Use: Scroll            |     2 |     4 ||     6
         Potion            |     1 |     5 ||     6
   Stab: Sleeping          |       |     1 ||     1
 Armour: Leather armour    |    76 |    72 ||   148
  Dodge: Dodged            |    85 |    83 ||   168

Table legend: (Time is in decaauts)
 A = Elapsed time spent in this place.
 B = Non-inter-level travel time spent in this place.
 C = Inter-level travel time spent in this place.
 D = Time resting spent in this place.
 E = Time spent auto-exploring this place.
 F = Levels seen in this place.
 G = Mean time per level.
                   A        B        C        D        E       F      G
               +--------+--------+--------+--------+--------+-----+--------+
         Total |   2966 |   2860 |    106 |    366 |   1864 |   4 |  741.5 |
       Dungeon |   2966 |   2860 |    106 |    366 |   1864 |   4 |  741.5 |
               +--------+--------+--------+--------+--------+-----+--------+

Top non-repeatable levels by time:
     D:2: 1092 daAuts
     D:1: 933 daAuts
     D:3: 830 daAuts
     D:4: 110 daAuts
